 Dungeon Crawl Stone Soup version 0.30-a0-1157-g2cc9ac7196 (webtiles) character file.

Game seed: 14344260926939802945

3890 Sobieck the Grappler (level 10, -2/58 HPs)
             Began as a Gargoyle Monk on Apr 24, 2023.
             Slain by a bullfrog (6 damage)
             ... on level 9 of the Dungeon.
             The game lasted 00:13:03 (6154 turns).

Sobieck the Grappler (Gargoyle Monk)                Turns: 6154, Time: 00:13:03

Health: -2/58      AC: 20    Str: 22    XL:     10   Next: 19%
Magic:  0/10       EV: 11    Int: 11    God:
Gold:   327        SH:  0    Dex: 12    Spells: 9/9 levels left

rFire   . .          .
                       - Unarmed
rCold   . . .        c - orb {light}
rNeg    + . .        W - +2 ring mail {Will+}
rPois   ∞            r - +0 helmet
rElec   +            I - +0 cloak
rCorr   +            k - +2 pair of gloves {Str+3}
SInv    .            (no boots)
Will    +....        w - amulet of guardian spirit
Stlth   +            G - +4 ring of slaying
HPRegen 0.29/turn    F - ring of resist corrosion
MPRegen 0.12/turn

%: guardian spirit
@: glowing
A: sickness immunity, AC +7, negative energy resistance 1, electricity
resistance, torment resistance 1, petrification resistance
a: no special abilities


You were on level 9 of the Dungeon.
You visited 2 branches of the dungeon, and saw 10 of its levels.

You collected 435 gold pieces.
You spent 108 gold pieces at shops.


Innate Abilities, Weirdness & Mutations

You are immune to sickness and miasma.
Your stone body is resilient. (AC +7)
You are immune to poison.
You resist negative energy. (rN+)
You are resistant to electric shocks. (rElec)
You are resistant to unholy torment.
You are immune to petrification.


   Skills:
 + Level 4.5 Fighting
 + Level 2.8 Armour
 - Level 2.4 Dodging
 - Level 14.0 Unarmed Combat


You had 9 spell levels left.
You didn't know any spells.
Your spell library contained the following spells:

 Spells                   Type           Power      Damage    Failure   Level
 Blink                    Tloc           0%         N/A       63%         2
 Lesser Beckoning         Tloc           0%         N/A       63%         2
 Momentum Strike          Conj/Tloc      0%         3d8       63%         2
 Tukima's Dance           Hex            0%         N/A       86%         3
 Passage of Golubria      Tloc           0%         N/A       99%         4
 Yara's Violent Unravell  Hex/Tmut       0%         3d3       100%        5

Inventory:

Missiles
 h - 94 stones (quivered) {throwing}
 t - 2 boomerangs of dispersal {=f!fthrowing}
 z - 7 boomerangs {throwing}
 D - 21 poisoned darts {throwing}
Armour
 a - a +0 robe
 c - an orb of light (worn)
 e - a +0 leather armour
   (You found it on level 1 of the Dungeon)
 g - a +0 chain mail
   (You found it on level 1 of the Dungeon)
 j - a +0 chain mail
   (You found it on level 6 of the Dungeon)
 k - a +2 pair of gloves of strength (worn)
   (You found it on level 1 of the Dungeon)
 p - a +0 robe
   (You took it off Sigmund on level 4 of the Dungeon)
 q - a +0 robe
   (You took it off Jessica on level 3 of the Dungeon)
 r - a +0 helmet (worn)
   (You bought it in a shop on level 2 of the Dungeon)
 s - a +0 robe
   (You found it on level 3 of the Dungeon)
 I - a +0 cloak (worn)
   (You found it on level 8 of the Dungeon)
 M - a +0 ring mail
   (You took it off an orc on level 5 of the Dungeon)
 O - a +0 leather armour
   (You took it off Ijyb on level 5 of the Dungeon)
 Q - a +0 robe
   (You took it off an orc wizard on level 5 of the Dungeon)
 R - a +0 ring mail
   (You found it on level 5 of the Dungeon)
 S - a +0 robe
   (You took it off an orc wizard on level 7 of the Dungeon)
 T - a +0 robe
   (You found it on level 5 of the Dungeon)
 U - a +0 ring mail
   (You took it off an orc on level 5 of the Dungeon)
 V - a +0 scale mail
   (You took it off an orc on level 5 of the Dungeon)
 W - a +2 ring mail of willpower (worn)
   (You took it off Duvessa on level 5 of the Dungeon)
 X - a +2 robe
   (You took it off Dowan on level 5 of the Dungeon)
 Y - a +0 chain mail
   (You took it off Edmund on level 5 of the Dungeon)
Jewellery
 v - a ring of flight
   (You found it on level 3 of the Dungeon)
 w - an amulet of guardian spirit (around neck)
   (You found it on level 3 of the Dungeon)
 F - a ring of resist corrosion (right hand)
   (You found it on level 4 of the Dungeon)
 G - a +4 ring of slaying (left hand)
   (You found it on level 7 of the Dungeon)
 J - a ring of see invisible
   (You found it on level 8 of the Dungeon)
Wands
 b - a wand of flame (15)
   (You found it on level 7 of the Dungeon)
 o - a wand of charming (14)
   (You found it on level 6 of the Dungeon)
 y - a wand of acid (9)
   (You found it on level 8 of the Dungeon)
 P - a wand of roots (1)
   (You took it off Ijyb on level 5 of the Dungeon)
Scrolls
 f - 6 scrolls of teleportation {@r4}
 i - a scroll of fog {unknown}
 u - 3 scrolls of immolation {!r!r}
 B - 2 scrolls of fear {unknown}
 C - a scroll of amnesia {unknown}
 K - 3 scrolls of magic mapping {!r}
 L - a scroll of summoning
 N - 2 scrolls of noise {!r}
Potions
 d - a potion of heal wounds {@q2}
 l - 2 potions of ambrosia
 m - 3 potions of lignification {!q}
 n - a potion of magic {unknown}
 A - 2 potions of curing {unknown}
 E - 2 potions of mutation {unknown}
 H - a potion of might {unknown}
 Z - 2 potions of haste {unknown}

Dungeon Overview and Level Annotations

Branches:
Dungeon (9/15) Zot: 26921  Temple (1/1) D:7 Zot: 5795
   Lair: D:8-11         Orc: D:9-12

Altars:
Ashenzari
Cheibriados
Elyvilon
Fedhas
Gozag
Hepliaklqana
Kikubaaqudgha
Makhleb
Nemelex Xobeh
Okawaru
Qazlal
Ru
Sif Muna
Trog
Uskayaw
Vehumet
Wu Jian
Xom
Yredelemnul
Zin
The Shining One

Shops:
D:2 [   D:3 (

Annotations:
D:5 1 runed translucent door, voltaire321's ghost, novice DECj

#.........##.#
#....#....##.#
#.......###.#####
#...z...#.......###+##
##.....##.#.###.##...##
#.oKc.##.#.# #.#.....##
##.§§###§#☼# #........##
###.§§..§§§§###.........#
.....§☼§§z§§F@§§.........+
###.###.#§§§####...).....#
#. #§..#§#####...)....#
#.#§...c§....[.#<)...##
#.##...#.########...##
.§.§...# ##+## ###§#### #.


You could see a skeletal warrior, a bullfrog (extremely poisoned) and a centaur.


Message History

You kill the kobold!
The kobold throws a stone.
The stone hits you but does no damage. The kobold closely misses you.
Items here: ( )) ††.
You pummel the kobold!!
You kill the kobold!
No target in view!
No target in view!
D - 21 poisoned darts {throwing} (gained 2)
Items here: )) ††.
h - 91 stones {throwing} (gained 5)
Things that are here:
a +0 club {mace}; a +0 short sword {short}; a kobold corpse
h - 92 stones {throwing} (gained 1)
Things that are here:
a +0 short sword {short}; a +0 club {mace}; a kobold corpse
Items here: )) ††.
h - 94 stones {throwing} (gained 2)
You see here a +0 dagger {short}.
Things that are here:
a +0 club {mace}; a +0 short sword {short}; a kobold corpse An orc warrior comes into view.
It is wielding a +0 flail.
The orc warrior shouts!
The orc warrior unwields a +0 flail.
The orc warrior wields a +0 arbalest.
The orc warrior shoots a bolt.
The bolt hits you but does no damage.
Danger!
The orc warrior shoots a bolt.
The bolt closely misses you.
You hear a shout!
The orc warrior shoots a bolt.
The bolt hits you.
You hear a shout!
The orc warrior shoots a bolt.
The bolt hits you.
A kobold comes into view. It is wielding a +0 dagger.
The orc warrior shoots a bolt.
The bolt hits you.
The orc warrior shoots a bolt.
The bolt barely misses you.
A skeletal warrior comes into view. It is wielding a +0 halberd.
The orc warrior unwields a +0 arbalest.
The orc warrior wields a +0 flail.
The orc warrior closely misses you.
You hit the orc warrior.
A bullfrog comes into view.
The bullfrog croaks.
You pummel the orc warrior!!
You hear a shout! x3; You hear two shouts!
An orc wizard comes into view. It is wielding a +0 dagger.
A centaur warrior comes into view.
You punch the centaur warrior!
Unknown command.
The centaur warrior attacks as you move away!
The centaur warrior hits you but does no damage.
The centaur warrior barely misses you.
The centaur warrior wields a +0 shortbow of flaming.
It bursts into flame!
The centaur warrior shoots an arrow.
The arrow hits you! The arrow burns you.
The centaur warrior shoots an arrow.
The arrow hits you! The arrow burns you.
* * * LOW HITPOINT WARNING * * *
A centaur comes into view.
The centaur shouts!
The centaur wields a +0 shortbow.
The centaur shoots an arrow.
The arrow hits you but does no damage.
The centaur shoots an arrow.
The arrow barely misses you.
The arrow barely misses the kobold.
Unknown command.
The centaur shoots an arrow.
The arrow hits you!
* * * LOW HITPOINT WARNING * * *
The centaur warrior shoots an arrow.
The arrow completely misses you.
The centaur shoots an arrow.
The arrow hits you.
* * * LOW HITPOINT WARNING * * *
The kobold attacks as you move away! The kobold hits you with a +0 dagger.
* * * LOW HITPOINT WARNING * * *
The centaur shoots an arrow.
The arrow closely misses you.
The centaur shoots an arrow.
The arrow hits you.
* * * LOW HITPOINT WARNING * * *
The centaur shoots an arrow.
The arrow closely misses you.
Unknown command.
The air fills with toxic fumes!
As you read the scroll of poison, it crumbles to dust.
The bullfrog hits you but does no damage.
The bullfrog attacks as you move away!
The bullfrog hits you but does no damage.
The centaur shoots an arrow.
The arrow hits you!
* * * LOW HITPOINT WARNING * * *
The centaur shoots an arrow.
The arrow hits you.
* * * LOW HITPOINT WARNING * * *
The bullfrog hits you but does no damage.
The centaur shoots an arrow.
The arrow misses you.
The centaur shoots an arrow.
The arrow hits you.
* * * LOW HITPOINT WARNING * * *
The bullfrog is engulfed in poison gas.
The bullfrog is poisoned.
You see here a +0 dagger {short}.
Unknown command.
The bullfrog attacks as you move away!
The bullfrog hits you but does no damage.
The centaur shoots an arrow.
The arrow closely misses you.
The bullfrog is engulfed in poison gas.
The bullfrog looks even sicker.
Items here: )) ††.
Unknown command.
The centaur shoots an arrow.
The arrow closely misses you.
The bullfrog is engulfed in poison gas.
The bullfrog looks even sicker.
The bullfrog is engulfed in poison gas.
The bullfrog looks as sick as possible!
The bullfrog hits you!
You die...

Skill      XL: |  1  2  3  4  5  6  7  8  9 10 |
---------------+-------------------------------+-----
Unarmed Combat | 4 5 7 9 11 14 | 14.0
Armour         | 1 2 |  2.8
Fighting       | 4 |  4.5
Dodging        | |  2.4

Action                     |  1- 3 |  4- 6 |  7- 9 | 10-12 || total
---------------------------+-------+-------+-------+-------++-------
  Melee: Unarmed           |    88 |   131 |   256 |    46 ||   521
   Fire: Sling             |     6 |    19 |       |       ||    25
  Throw: Stone             |       |     4 |       |       ||     4
         Dart              |       |     2 |       |       ||     2
  Evoke: Wand              |       |       |     1 |       ||     1
    Use: Scroll            |       |       |    10 |     1 ||    11
 Armour: Robe              |    12 |       |       |       ||    12
         Chain mail        |    31 |    61 |    62 |       ||   154
         Ring mail         |       |       |    46 |    34 ||    80
  Dodge: Dodged            |    42 |    46 |    97 |    29 ||   214

Levels and vault maps discovered:
D:1:      giann_bridges, layout_rooms
D:2:      layout_basic, ebering_ecumenical_altar_sacrificial, serial_shops,
          shop, serial_bayou_ford_a, grunt_ministairs_15
D:3:      layout_rooms, serial_shops, shop, solitary_fountain, uniq_jessica
D:4:      layout_basic, okawaru_trees_2, uniq_sigmund
D:5:      layout_loops_cross, old_standard_altar, ebering_ghost_inner_flame,
          minivault_11, uniq_ijyb, uniq_edmund, uniq_duvessa,
          uniq_prince_ribbit1
D:6:      layout_loops_cross, minmay_misc_feat_diagonals, grunt_decor_arrowhead,
          hangedman_decor_riveting, hangedman_abyss_or_decor_slice,
          grunt_ministairs_14, minmay_misc_feat_plants
D:7:      layout_basic, temple_pool_b, amcnicky_mini_pool_small
D:8:      layout_loops_ring, mainiacjoe_overflow_six_doors_small,
          worldfamousw_hep_ancestral_shrine, lemuel_flame_loot_1
D:9:      minmay_the_grid_four_pointed_star_mashed
          [minmay_the_grid_triangle_9x9_sparse_checkered,
          minmay_the_grid_triangle_9x9_from_above,
          minmay_the_grid_triangle_9x9_alien,
          minmay_the_grid_triangle_9x9_semitri,
          minmay_the_grid_prize_inner_circle], layout_loops_corners,
          lemuel_round_altar
Temple:   bh_familiar_temple

Notes
Turn   | Place    | Note
-------+----------+-------------------------------------------
     0 | D:1      | Sobieck the Gargoyle Monk began the quest for the Orb.
     0 | D:1      | Reached XP level 1. HP: 14/14 MP: 1/1
    87 | D:1      | Reached XP level 2. HP: 16/19 MP: 2/2
   260 | D:1      | Reached skill level 4 in Unarmed Combat
   354 | D:1      | Reached XP level 3. HP: 23/23 MP: 3/3
   559 | D:2      | You pick up a book of Spatial Translocations and begin
                  | reading...
   559 | D:2      | You add the spells Blink, Momentum Strike and Lesser
                  | Beckoning to your library.
   609 | D:2      | Reached XP level 4. HP: 28/28 MP: 4/4
   698 | D:2      | Reached skill level 5 in Unarmed Combat
   750 | D:2      | Found a faded altar of an unknown god.
   905 | D:2      | Found Lunou's Antique Armour Boutique.
  1198 | D:2      | Reached XP level 5. HP: 32/32 MP: 5/5
  1236 | D:3      | Noticed Jessica
  1237 | D:3      | Killed Jessica
  1271 | D:2      | Bought a helmet for 108 gold pieces
  1443 | D:3      | Found Vuroffoa's Weapon Emporium.
  1480 | D:3      | Reached skill level 6 in Unarmed Combat
  1493 | D:3      | You add the spells Tukima's Dance, Passage of Golubria and
                  | Yara's Violent Unravelling to your library.
  1787 | D:4      | Noticed Sigmund
  1804 | D:4      | Killed Sigmund
  1805 | D:4      | Reached skill level 7 in Unarmed Combat
  1805 | D:4      | Reached XP level 6. HP: 26/37 MP: 3/6
  2093 | D:4      | Reached XP level 7. HP: 41/41 MP: 7/7
  2178 | D:4      | Found an iron altar of Okawaru.
  2225 | D:4      | Reached skill level 8 in Unarmed Combat
  2476 | D:5      | Entered Level 5 of the Dungeon
  2551 | D:5      | Noticed Ijyb
  2581 | D:5      | Killed Ijyb
  2702 | D:5      | Noticed Prince Ribbit
  2712 | D:5      | Killed Prince Ribbit
  2713 | D:5      | Reached skill level 9 in Unarmed Combat
  2713 | D:5      | Reached XP level 8. HP: 35/46 MP: 5/8
  3006 | D:5      | Noticed Duvessa
  3029 | D:5      | Killed Duvessa
  3030 | D:5      | Reached skill level 10 in Unarmed Combat
  3030 | D:5      | Noticed Dowan
  3036 | D:5      | Killed Dowan
  3071 | D:5      | Noticed Edmund
  3090 | D:5      | Killed Edmund
  3207 | D:5      | Found a stormy altar of Qazlal.
  3315 | D:5      | Found a runed translucent door.
  3316 | D:5      | Noticed voltaire321's ghost (novice DECj)
  3317 | D:5      | Found the sphere of Battle
  3563 | D:6      | Reached skill level 11 in Unarmed Combat
  3848 | D:6      | Reached XP level 9. HP: 51/51 MP: 9/9
  4489 | D:7      | Reached skill level 12 in Unarmed Combat
  4767 | D:7      | Found a staircase to the Ecumenical Temple.
  4783 | Temple   | Entered the Ecumenical Temple
  5326 | D:8      | Found a hazy altar of Hepliaklqana.
  5463 | D:8      | Noticed a two-headed ogre
  5470 | D:8      | Killed a two-headed ogre
  5471 | D:8      | Reached skill level 13 in Unarmed Combat
  5500 | D:8      | Found a bloodstained altar of Trog.
  5676 | D:8      | Noticed a hornet
  5681 | D:8      | Killed a hornet
  5682 | D:8      | Reached skill level 14 in Unarmed Combat
  5682 | D:8      | Reached skill level 1 in Armour
  5682 | D:8      | Reached XP level 10. HP: 50/56 MP: 8/10
  5696 | D:8      | Reached skill level 4 in Fighting
  5696 | D:8      | Reached skill level 2 in Armour
  6139 | D:9      | Noticed a skeletal warrior
  6142 | D:9      | Noticed a centaur warrior
  6150 | D:9      | HP: 9/58 [centaur/arrow (7)]
  6152 | D:9      | HP: 3/58 [centaur/arrow (3)]
  6154 | D:9      | Slain by a bullfrog

Vanquished Creatures
  A two-headed ogre (D:8)
  Prince Ribbit (D:5)
  A hornet (D:8)
  Sigmund (D:4)
  A water moccasin (D:8)
  Edmund (D:5)
  Duvessa (D:5)
  2 ice beasts
  2 sky beasts (D:7)
  A black bear (D:8)
  2 ogres (D:6)
  A phantom (D:4)
  2 bullfrogs
  2 kobold brigands (D:9)
  7 wights
  Dowan (D:5)
  4 killer bees (D:8)
  3 hounds (D:5)
  2 orc priests (D:7)
  4 jellies
  Ijyb (D:5)
  A sleepcap (D:7)
  Jessica (D:3)
  3 iguanas
  7 orc wizards
  5 gnolls
  13 adders
  2 white imps
  2 ufetubi
  2 worms
  2 dart slugs
  33 orcs
  4 bats
  3 endoplasms
  9 giant cockroaches
  3 goblins
  5 hobgoblins
  4 jackals (D:2)
  6 quokkas
  2 ball pythons
  2 frilled lizards
  20 kobolds
  10 rats
180 creatures vanquished.

Table legend:
 A = Non-vault XP
 B = Vault XP
 C = Vault XP percentage of total XP
 D = Non-vault monster count
 E = Vault monster count
 F = Vault count percentage of total count
                 A         B        C        D         E       F
            +---------+---------+-------+---------+---------+-------
      Total |    4438 |    1120 |  20.2 |     169 |      11 |   6.1
            +---------+---------+-------+---------+---------+-------
        D:1 |      50 |       3 |   5.7 |      25 |       2 |   7.4
        D:2 |     112 |       0 |   0.0 |      24 |       0 |   0.0
        D:3 |      72 |      37 |  33.9 |      12 |       1 |   7.7
        D:4 |     231 |     226 |  49.5 |      23 |       1 |   4.2
        D:5 |     450 |     687 |  60.4 |      21 |       5 |  19.2
        D:6 |     436 |     167 |  27.7 |       8 |       2 |  20.0
        D:7 |     846 |       0 |   0.0 |      25 |       0 |   0.0
        D:8 |    2028 |       0 |   0.0 |      18 |       0 |   0.0
        D:9 |     213 |       0 |   0.0 |      13 |       0 |   0.0
            +---------+---------+-------+---------+---------+-------

Skill      XL: |  1  2  3  4  5  6  7  8  9 10 |
---------------+-------------------------------+-----
Unarmed Combat | 4 5 7 9 11 14 | 14.0
Armour         | 1 2 |  2.8
Fighting       | 4 |  4.5
Dodging        | |  2.4

Action                     |  1- 3 |  4- 6 |  7- 9 | 10-12 || total
---------------------------+-------+-------+-------+-------++-------
  Melee: Unarmed           |    88 |   131 |   256 |    46 ||   521
   Fire: Sling             |     6 |    19 |       |       ||    25
  Throw: Stone             |       |     4 |       |       ||     4
         Dart              |       |     2 |       |       ||     2
  Evoke: Wand              |       |       |     1 |       ||     1
    Use: Scroll            |       |       |    10 |     1 ||    11
 Armour: Robe              |    12 |       |       |       ||    12
         Chain mail        |    31 |    61 |    62 |       ||   154
         Ring mail         |       |       |    46 |    34 ||    80
  Dodge: Dodged            |    42 |    46 |    97 |    29 ||   214

Illustrated notes

Table legend:
 A = Kills in this place as a percentage of kills in the entire game.
 B = Kills by you in this place as a percentage of kills by you in the entire game.
 C = Kills by friends in this place as a percentage of kills by friends in the entire game.
 D = Other kills in this place as a percentage of other kills in the entire game.
 E = Experience gained in this place as a percentage of experience gained in the entire game.
 F = Experience gained in this place divided by the number of levels of this place that you have seen.
                   A       B       C       D       E      F
               +-------+-------+-------+-------+-------+----------------------
         Total | 100.0 | 100.0 |   N/A |   N/A | 100.0 | 555.8
       Dungeon | 100.0 | 100.0 |   N/A |   N/A | 100.0 | 617.6
               +-------+-------+-------+-------+-------+----------------------

Table legend: (Time is in decaauts)
 A = Elapsed time spent in this place.
 B = Non-inter-level travel time spent in this place.
 C = Inter-level travel time spent in this place.
 D = Time resting spent in this place.
 E = Time spent auto-exploring this place.
 F = Levels seen in this place.
 G = Mean time per level.
                   A        B        C        D        E       F      G
               +--------+--------+--------+--------+--------+-----+--------+
         Total |   6081 |   5795 |    286 |    250 |   4462 |  10 |  608.1 |
       Dungeon |   5877 |   5625 |    252 |    250 |   4294 |   9 |  653.0 |
        Temple |    204 |    170 |     34 |      0 |    168 |   1 |  204.0 |
               +--------+--------+--------+--------+--------+-----+--------+

Top non-repeatable levels by time:
     D:5: 999 daAuts
     D:7: 792 daAuts
     D:2: 788 daAuts
     D:8: 775 daAuts
     D:6: 766 daAuts
     D:4: 743 daAuts
     D:1: 495 daAuts
     D:3: 437 daAuts
  Temple: 204 daAuts
     D:9: 77 daAuts
